 Dungeon Crawl Stone Soup version 0.17-a0-2115-g0d8b93e (webtiles) character file.

15867 Problem the Martial Artist (level 12, -5/94 HPs)
             Began as a Demonspawn Wanderer on Oct 20, 2015.
             Was a High Priest of Makhleb.
             Slain by Arkorax's ghost (37 damage)
             ... on level 2 of the Lair of Beasts.
             The game lasted 00:35:15 (10309 turns).

Problem the Martial Artist (Demonspawn Wanderer)   Turns: 10309, Time: 00:35:15

Health: -5/94      AC:  7    Str: 18    XL:     12   Next: 5%
Magic:  0/18       EV: 12    Int: 18    God:    Makhleb [*****.]
Gold:   539        SH:  5    Dex: 15    Spells: 0 memorised, 11 levels left

rFire  + . .     SeeInvis .       - Unarmed
rCold  + . .     Clarity  .     n - +0 troll leather armour {Purgy}
rNeg   . . .     SustAt   .     o - +0 buckler
rPois  .         Gourm    .     (helmet restricted)
rElec  .         Spirit   +     z - +2 cloak of Dim Light {Str+4}
rCorr  .         Warding  .     (no gloves)
rMut   .         Stasis   .     (no boots)
MR     .....                    d - amulet of guardian spirit
Stlth  ++........               x - +3 ring of intelligence
                                l - ring of protection from cold

@: not resistant to hostile enchantments, unstealthy
A: claws 2, hooves 2, horns 1, fire resistance 1, powered by death 2, flame
cloud immunity
a: Minor Destruction, Lesser Servant of Makhleb, Major Destruction, Greater
Servant of Makhleb, Renounce Religion


You were on level 2 of the Lair of Beasts.
You worshipped Makhleb.
Makhleb was extremely pleased with you.
You were near starving.

You visited 3 branches of the dungeon, and saw 13 of its levels.
You also visited: Sewer.

You collected 539 gold pieces.

Inventory:

Hand Weapons
 F - a +0 blowgun
Missiles
 b - 4 throwing nets (quivered)
 q - 364 stones
 H - 7 curare-tipped needles
Armour
 n - a +0 troll leather armour (worn) {Purgy}
 o - a +0 buckler (worn)
 t - a -2 robe
 z - the +2 cloak of Dim Light (worn) {Str+4}
   (You acquired it in a sewer)

   It affects your strength (+4).
 D - a +1 robe of magic resistance
Jewellery
 d - an amulet of guardian spirit (around neck)
 l - a ring of protection from cold (left claw)
 p - a -2 ring of strength
 x - a +3 ring of intelligence (right claw)
 y - an uncursed ring of ice
 A - an uncursed ring of loudness
Wands
 e - a wand of draining (8)
 h - a wand of frost (20)
 k - a wand of fire (13)
 B - a wand of enslavement (7)
Scrolls
 a - a scroll of blinking
 j - 3 scrolls of immolation
 u - a scroll of remove curse
 w - 4 scrolls of identify
 C - a scroll of enchant armour
 E - a scroll of magic mapping
 I - a scroll of holy word {unknown}
Potions
 m - 4 potions of brilliance
 r - a potion of curing
 s - a potion of flight
Books
 c - a Necronomicon

   Spells                             Type                      Level
   a - Haunt                          Necromancy/Summoning         7
   b - Borgnjor's Revivification      Necromancy                   8
   c - Death's Door                   Charms/Necromancy            8
   d - Necromutation                  Transmutation/Necromancy     8
 i - a book of Spatial Translocations

   Spells                             Type                      Level
   a - Apportation                    Translocation                1
   b - Blink                          Translocation                2
   c - Shroud of Golubria             Charms/Translocation         2
   d - Portal Projectile              Translocation                3
   e - Teleport Other                 Translocation                3
   f - Passage of Golubria            Translocation                4
Comestibles
 f - 9 bread rations
 g - 8 fruits
 v - 3 meat rations
 G - 2 beef jerkies


   Skills:
 + Level 8.5 Fighting
   Level 1.0 Staves
 - Level 1.7 Dodging
 - Level 3.6 Stealth
 - Level 3.0 Shields
 + Level 14.5 Unarmed Combat
 - Level 8.0 Invocations


You had 11 spell levels left.
You didn't know any spells.

Dungeon Overview and Level Annotations

Branches:
Dungeon (10/15)            Temple (1/1) D:7            Lair (2/8) D:10
    Orc (0/4) D:9

Altars:
Ashenzari
Cheibriados
Dithmenos
Elyvilon
Fedhas
Gozag
Kikubaaqudgha
Makhleb
Nemelex Xobeh
Okawaru
Qazlal
Ru
Sif Muna
Trog
Vehumet
Xom
Yredelemnul
Zin
The Shining One

Annotations:
Lair:2 Arkorax's ghost, journeyman OgBe


Innate Abilities, Weirdness & Mutations

You have very sharp fingernails.
You have hoof-like feet.
You have a pair of small horns on your head.
Your flesh is heat resistant.
You regenerate health from kills.
You are immune to clouds of flame.


Message History

Arkorax's ghost hits you!
You closely miss Arkorax's ghost.
You kick Arkorax's ghost, but do no damage.
You headbutt Arkorax's ghost, but do no damage.
Arkorax's ghost is severely damaged.
Arkorax's ghost hits you!!
You mangle Arkorax's ghost!!
You kick Arkorax's ghost, but do no damage.
Arkorax's ghost is almost destroyed.
Arkorax's ghost hits you!
You claw Arkorax's ghost!
You kick Arkorax's ghost, but do no damage.
Arkorax's ghost is almost destroyed.
You closely miss Arkorax's ghost. Your headbutt misses Arkorax's ghost.
Arkorax's ghost is almost destroyed.
Arkorax's ghost barely misses you.
You barely miss Arkorax's ghost. You headbutt Arkorax's ghost.
Arkorax's ghost is almost destroyed.
Arkorax's ghost hits you!!!
You die...

......♣... ♣♣. ..........
♣...♣...♣♣♣♣..♣.♣♣........
..♣♣.♣♣♣♣♣..♣.. ..........
..♣ ♣♣....♣..♣♣♣♣#.(.......
..♣♣♣♣.#.♣♣...♣♣..<........
........#.................#
..........#....##........#
..............P.P..##....##
....>..........W@÷÷÷......#
.........##..............##
........####............>#
.......## #...........###.#
......## ##########P## #
#.....# ## #...#P# #.#.###
#####


You could see Arkorax's ghost.

Vanquished Creatures
  Harold (Lair:1)
  Sonja (Lair:1)
  An unseen horror (D:10)
  The ghost of Clownie the Soothsayer, a novice OpAs of Nemelex Xobeh (D:10)
  The ghost of ldierk the Grappler, a novice VSBe of Trog (D:6)
  A hill giant (D:10)
  A black mamba (Lair:2)
  Joseph (Lair:1)
  A gargoyle (D:10)
  2 komodo dragons
  A troll (D:9)
  Prince Ribbit (D:7)
  A spriggan (D:10)
  A wyvern (D:9)
  2 hungry ghosts
  25 yaks
  A deep elf fighter (D:10)
  5 wolves (Lair:1)
  2 hippogriffs
  3 water moccasins (Lair:1)
  2 black bears
  3 porcupines
  3 sky beasts
  Purgy (Sewer)
  2 ice beasts
  4 phantoms
  3 ogres
  5 orc warriors
  2 crocodiles
  2 big kobolds
  7 giant frogs
  10 killer bees (D:7)
  A scorpion (D:9)
  3 wights (D:9)
  7 crimson imps
  A jelly (D:5)
  A centaur skeleton (D:9)
  A centaur zombie (D:8)
  6 orc priests
  A giant frog zombie (D:8)
  Crazy Yiuf (D:3)
  Ijyb (D:2)
  4 hounds
  3 iguanas
  A giant frog skeleton (D:9)
  14 orc wizards
  7 worker ants
  A hound skeleton (D:4)
  A hound zombie (D:8)
  Robin (D:3)
  13 adders
  A gnoll (D:3)
  37 river rats
  2 worms (D:3)
  3 adder skeletons
  4 giant geckos
  46 orcs
  19 bats
  5 giant cockroaches
  12 goblins
  12 hobgoblins
  16 jackals
  8 quokkas
  A ball python (D:2)
  7 giant newts
  A jackal skeleton (D:4)
  A jackal zombie (D:8)
  10 kobolds
  A quokka skeleton (D:4)
  9 rats
  A plant (Lair:2)
361 creatures vanquished.

Vanquished Creatures (collateral kills)
  An orc priest (D:5)
  An orc (D:5)
2 creatures vanquished.

Vanquished Creatures (others)
  Blork the orc (D:5)
  7 fungi (D:10)
  2 plants (D:10)
10 creatures vanquished.

Grand Total: 373 creatures vanquished

Notes
Turn   | Place    | Note
--------------------------------------------------------------
     0 | D:1      | Problem the Demonspawn Wanderer began the quest for the Orb.
     0 | D:1      | Problem set off with: a +0 leather armour, 3 throwing nets, a scroll of teleportation, a potion of lignification, a +0 dagger, a bread ration
     0 | D:1      | Reached XP level 1. HP: 18/18 MP: 1/1
   498 | D:1      | Gained mutation: You have sharp fingernails. [demonic ancestry]
   498 | D:1      | Reached XP level 2. HP: 24/24 MP: 2/2
   713 | D:2      | Reached skill level 1 in Unarmed Combat
   810 | D:2      | Noticed Ijyb
   846 | D:2      | Killed Ijyb
   846 | D:2      | Gained mutation: Your flesh is heat resistant. [demonic ancestry]
   846 | D:2      | Reached XP level 3. HP: 7/29 MP: 3/3
  1093 | D:2      | Gained mutation: You regenerate a little health from kills. [demonic ancestry]
  1093 | D:2      | Reached XP level 4. HP: 26/35 MP: 4/4
  1389 | D:3      | Reached skill level 4 in Unarmed Combat
  1389 | D:3      | Gained mutation: You regenerate health from kills. [demonic ancestry]
  1389 | D:3      | Reached XP level 5. HP: 18/41 MP: 5/5
  1682 | D:3      | Reached skill level 1 in Shields
  1918 | D:3      | Noticed Robin
  1934 | D:3      | Killed Robin
  2078 | D:3      | Noticed Crazy Yiuf
  2084 | D:3      | Killed Crazy Yiuf
  2084 | D:3      | Reached XP level 6. HP: 47/47 MP: 6/6
  2559 | D:4      | Reached skill level 5 in Unarmed Combat
  2561 | D:4      | Found an iron altar of Okawaru.
  3240 | D:4      | Reached XP level 7. HP: 27/52 MP: 7/7
  3357 | D:5      | Entered Level 5 of the Dungeon
  3422 | D:5      | Reached skill level 6 in Unarmed Combat
  3457 | D:5      | Found a glowing drain.
  3494 | Sewer    | Entered a sewer
  3533 | Sewer    | Noticed Purgy
  3546 | Sewer    | Killed Purgy
  3573 | Sewer    | Identified a scroll of acquirement
  3577 | Sewer    | Got a smoking cloak
  3588 | Sewer    | Identified the +2 cloak of Dim Light {Str+4} (You acquired it in a sewer)
  3676 | D:5      | Noticed Blork the orc
  3694 | D:5      | Blork the orc (ally) was killed
  3694 | D:5      | Your ally died
  3701 | D:5      | Reached skill level 7 in Unarmed Combat
  3803 | D:5      | Gained mutation: You have large cloven feet. [demonic ancestry]
  3803 | D:5      | Reached XP level 8. HP: 49/58 MP: 8/8
  3976 | D:5      | Reached skill level 8 in Unarmed Combat
  4112 | D:5      | Found a glowing golden altar of the Shining One.
  4489 | D:6      | Found a glowing golden altar of the Shining One.
  4490 | D:6      | Found a deep blue altar of Sif Muna.
  4490 | D:6      | Found a stormy altar of Qazlal.
  4491 | D:6      | Found a glowing silver altar of Zin.
  4669 | D:6      | Noticed ldierk's ghost (novice VSBe)
  4681 | D:6      | Killed ldierk's ghost
  4681 | D:6      | Reached skill level 9 in Unarmed Combat
  4914 | D:6      | Found a sacrificial altar of Ru.
  5004 | D:6      | Found a shadowy altar of Dithmenos.
  5049 | D:6      | Found a white marble altar of Elyvilon.
  5139 | D:6      | Reached skill level 10 in Unarmed Combat
  5139 | D:6      | Gained mutation: You have hoof-like feet. [demonic ancestry]
  5139 | D:6      | Reached XP level 9. HP: 64/64 MP: 9/9
  5533 | D:7      | Noticed Prince Ribbit
  5541 | D:7      | Killed Prince Ribbit
  5607 | D:7      | Found a staircase to the Ecumenical Temple.
  5611 | Temple   | Entered the Ecumenical Temple
  5881 | D:7      | Reached skill level 11 in Unarmed Combat
  6119 | D:7      | Found a sparkling altar of Nemelex Xobeh.
  6740 | D:8      | Found a burning altar of Makhleb.
  6747 | D:8      | Became a worshipper of Makhleb the Destroyer
  6939 | D:8      | Reached skill level 12 in Unarmed Combat
  7183 | D:8      | Found a snail-covered altar of Cheibriados.
  7183 | D:8      | Found an opulent altar of Gozag.
  7365 | D:9      | Found a staircase to the Orcish Mines.
  7373 | D:9      | Reached * piety under Makhleb
  7428 | D:9      | Gained mutation: You have very sharp fingernails. [demonic ancestry]
  7428 | D:9      | Reached XP level 10. HP: 66/70 MP: 8/10
  7580 | D:9      | Reached skill level 13 in Unarmed Combat
  7614 | D:9      | Reached ** piety under Makhleb
  7701 | D:9      | Reached skill level 1 in Invocations
  7900 | D:10     | Entered Level 10 of the Dungeon
  8035 | D:10     | Reached *** piety under Makhleb
  8054 | D:10     | Noticed a hill giant
  8062 | D:10     | Noticed Clownie's ghost (novice OpAs)
  8081 | D:10     | Killed Clownie's ghost
  8346 | D:10     | Reached skill level 5 in Fighting
  8684 | D:10     | Killed an unseen horror
  8684 | D:10     | Reached skill level 5 in Invocations
  8684 | D:10     | Gained mutation: You have a pair of small horns on your head. [demonic ancestry]
  8684 | D:10     | Reached XP level 11. HP: 75/80 MP: 11/15
  8689 | D:10     | Reached **** piety under Makhleb
  8719 | D:10     | Killed a hill giant
  8760 | D:10     | Found a staircase to the Lair.
  9157 | Lair:1   | Entered Level 1 of the Lair of Beasts
  9270 | Lair:1   | Noticed Sonja
  9299 | Lair:1   | Killed Sonja
  9299 | Lair:1   | Reached skill level 14 in Unarmed Combat
  9330 | Lair:1   | Noticed Harold
  9347 | Lair:1   | Killed Harold
  9468 | Lair:1   | Reached ***** piety under Makhleb
  9590 | Lair:1   | Noticed Joseph
  9625 | Lair:1   | Killed Joseph
 10091 | Lair:2   | Gained mutation: You are immune to clouds of flame. [demonic ancestry]
 10091 | Lair:2   | Reached XP level 12. HP: 81/94 MP: 13/18
 10196 | Lair:2   | Noticed Arkorax's ghost (journeyman OgBe)
 10219 | Lair:2   | HP: 4/94 [black mamba (9)]
 10309 | Lair:2   | Slain by Arkorax's ghost

Vault maps used:
D:1:      dpeg_arrival_houses_and_road, minmay_statues_item
D:2:      uniq_iyjb
D:3:      first_bread, serial_bayou, serial_bayou_pond_d, serial_bayou_shore_a,
          serial_bayou_pond_b, serial_bayou_pond_d, serial_bayou_lagoon_a,
          uniq_robin, uniq_crazy_yiuf_cottage
D:4:      okawaru_trees_2, minmay_misc_feat_roman
D:5:      serial_glass, glass_columns_c, glass_columns_b, gup_sewer_entry_glass,
          nicolae_tso_carved_into_rock, uniq_blork_the_orc
D:6:      grunt_dithmenos_smoke_and_mirrors, nicolae_ru_path_of_blood,
          grunt_temple_overflow_open, elyvilon_altar_3
D:7:      lemuel_doored_altar, temple_hall_moat, uniq_prince_ribbit1
D:8:      makhleb_grotto_becter, gammafunk_temple_overflow_pools
D:9:      david_orc_2
D:10:     grunt_lair_entry_elf_guard_hut, the_bakery, lightli_orcish_oven
Temple:   nicolae_temple_figure_zero
Lair:1:   uniq_sonja, uniq_harold, uniq_joseph
Lair:2:   wad_woods_pond
Sewer:    sewer_big_baddie

Action                   |  1- 3 |  4- 6 |  7- 9 | 10-12 || total
-------------------------+-------+-------+-------+-------++-------
Melee: Dagger            |   156 |       |       |       ||   156
       Unarmed           |       |   352 |   494 |   591 ||  1437
Throw: Throwing net      |     2 |     1 |     2 |       ||     5
Invok: Major Destruction |       |       |       |     4 ||     4
       Minor Destruction |       |       |       |     3 ||     3
Evoke: Wand              |       |       |     1 |     2 ||     3
  Use: Potion            |     1 |     5 |     6 |     8 ||    20
       Scroll            |       |       |     7 |    10 ||    17
 Stab: Held in net/web   |     2 |     1 |       |       ||     3
       Sleeping          |       |     3 |     7 |     6 ||    16
       Distracted        |       |       |       |     2 ||     2
  Eat: Chunk             |     1 |     4 |    10 |     7 ||    22
       Bread ration      |       |     1 |       |     1 ||     2
       Beef jerky        |       |     1 |       |       ||     1
       Pizza             |       |       |     1 |       ||     1
